 Dungeon Crawl Stone Soup version 0.31-a0-234-gad7ace16ef (webtiles) character file.

Game seed: 9602393690342899124

413 qw the Shooter (level 6, -3/40 HPs)
             Began as a Gargoyle Hexslinger on July 9, 2023.
             Was an Initiate of Okawaru.
             Slain by a scorpion (6 damage)
             ... on level 5 of the Dungeon.
             The game lasted 00:01:26 (3450 turns).

qw the Shooter (Gargoyle Hexslinger)                Turns: 3450, Time: 00:01:26

Health: -3/40      AC: 10    Str: 11    XL:     6   Next: 91%
Magic:  5/7        EV: 14    Int: 14    God:    Okawaru [......]
Gold:   196        SH:  0    Dex: 14    Spells: 6/7 levels left

rFire   + . .        Y - +1 sling (flame)
rCold   . . .        (no shield)
rNeg    + . .        d - +1 leather armour {rPois}
rPois   inf          (no helmet)
rElec   +            (no cloak)
rCorr   .            (no gloves)
SInv    .            g - +0 pair of boots
Will    .....        l - amulet of the acrobat
Stlth   +++          (no ring)
HPRegen 0.26/turn    (no ring)
MPRegen 0.10/turn

%: acrobat, clarity
@: heroic
A: sickness immunity, AC +4, negative energy resistance 1, electricity
resistance, torment resistance 1, petrification resistance, clarity, fire
resistance 1, MP-powered wands
a: Renounce Religion


You were on level 5 of the Dungeon.
You worshipped Okawaru.
Okawaru was noncommittal.
You visited 2 branches of the dungeon, and saw 6 of its levels.

You collected 356 gold pieces.
You spent 160 gold pieces at shops.


Innate Abilities, Weirdness & Mutations

You are immune to sickness and miasma.
Your stone body is resilient. (AC +4)
You are immune to poison.
You resist negative energy. (rN+)
You are resistant to electric shocks. (rElec)
You are resistant to unholy torment.
You are immune to petrification.
You possess an exceptional clarity of mind.
Your flesh is heat resistant. (rF+)
You expend magic power (3 MP) to strengthen your wands.


   Skills:
 - Level 4.8(9.8) Fighting
 + Level 5.4(10.4) Ranged Weapons
 - Level 1.0(6.0) Armour
 - Level 1.5(6.5) Dodging
 - Level 1.0 Spellcasting
 - Level 2.6 Hexes


You had 6 spell levels left.
You knew the following spells:

 Your Spells              Type           Power      Damage    Failure   Level
a - Slow                  Hex            32%        N/A       11%         1

Your spell library contained the following spells:

 Spells                   Type           Power      Damage    Failure   Level
 Inner Flame              Hex/Fire       4%         N/A       50%         3
 Portal Projectile        Hex/Tloc       8%         N/A       50%         3
 Cause Fear               Hex            4%         N/A       73%         4

Inventory:

Hand Weapons
 Y - a +1 sling of flaming (weapon)
Armour
 d - a +1 leather armour of poison resistance (worn)
 g - a +0 pair of boots (worn)
Jewellery
 l - an amulet of the acrobat (around neck)
Scrolls
 c - a scroll of identify
Potions
 a - a potion of resistance
 e - 2 potions of enlightenment
 h - a potion of ambrosia {unknown}
 j - a potion of heal wounds {unknown}
 k - a potion of cancellation {unknown}
 m - a potion of might {unknown}
 o - 2 potions of curing

Dungeon Overview and Level Annotations

Branches:
Dungeon (5/15)             Temple (1/1) D:4

Altars:
Ashenzari
Cheibriados
Dithmenos
Elyvilon
Fedhas
Gozag
Hepliaklqana
Kikubaaqudgha
Makhleb
Nemelex Xobeh
Okawaru
Qazlal
Ru
Sif Muna
Trog
Uskayaw
Vehumet
Wu Jian
Xom
Yredelemnul
Zin
The Shining One

Shops:
D:3 (   D:4 [

Annotations:
D:5 Pikel


Message History

A lemure comes into view.
The lemure barely misses you.
You shoot a sling bullet.
The sling bullet barely misses the lemure.
The scorpion stings you.
Pikel, Merchant of Souls comes into view.
He is wielding a +2 whip of flaming.
You shoot a sling bullet.
Pikel shouts!
The sling bullet hits the lemure.
The sling bullet burns the lemure.
The lemure is heavily wounded.
The scorpion stings you.
You shoot a sling bullet. The sling bullet hits the lemure.
The sling bullet burns the lemure.
The lemure is severely wounded.
A lemure comes into view.
The lemure hits you. The scorpion stings you.
You shoot a sling bullet. The sling bullet misses the lemure.
The lemure closely misses you. The lemure hits you but does no damage.
The scorpion closely misses you.
You shoot a sling bullet. The sling bullet hits the lemure.
The sling bullet burns the lemure.
The lemure is almost dead.
The scorpion stings you. The lemure hits you but does no damage.
Pikel says, "It's all about the gold, really."
The lemure hits you.
You shoot a sling bullet. The sling bullet hits the lemure.
The sling bullet burns the lemure.
You kill the lemure!
That felt strangely unrewarding.
The scorpion stings you but does no damage.
The lemure hits you but does no damage.
You shoot a sling bullet.
The sling bullet barely misses the lemure.
The sling bullet hits Pikel but does no damage.
The scorpion barely misses you.
You shoot a sling bullet. The sling bullet hits the scorpion.
The sling bullet burns the scorpion.
The scorpion is lightly wounded.
The scorpion stings you.
You die...

##......
......
##.....
#.....
#.#.. #.#.#
##
#.#.###....
#..@$K....)
#..5s5.....
#.#).......
#.#...5....
#.#........
#.#........
#<#....$...
#.###.####.
#.# .#


You could see Pikel, 3 lemures and a scorpion.

Vanquished Creatures
  Prince Ribbit (D:4)
  A lemure (D:5)
  A scorpion (D:4)
  An orc priest (D:4)
  An iguana (D:5)
  An adder (D:3)
  A worm (D:4)
  A dart slug (D:4)
  16 orcs
  8 ball pythons
  4 endoplasms
  2 giant cockroaches
  11 goblins
  6 hobgoblins
  5 jackals
  A quokka (D:1)
  5 bats
  4 frilled lizards
  14 kobolds
  6 rats
  A spectral goblin (D:3)
91 creatures vanquished.

Notes
Turn   | Place    | Note
-------+----------+-------------------------------------------
     0 | D:1      | qw the Gargoyle Hexslinger began the quest for the Orb.
     0 | D:1      | Reached XP level 1. HP: 12/12 MP: 2/2
     0 | D:1      | 0 ||| qw: Version: 0.3-a-51-g015441d
     0 | D:1      | 0 ||| qw: Game counter: 4096
     0 | D:1      | 0 ||| qw: Melee chars always use a shield: true
     0 | D:1      | 0 ||| qw: God list: Okawaru
     0 | D:1      | 0 ||| qw: Allow faded altars: false
     0 | D:1      | 0 ||| qw: Do Orc after clearing Dungeon:15 true
     0 | D:1      | 0 ||| qw: Do second Lair branch before Depths: true
     0 | D:1      | 0 ||| qw: Lair rune preference: random
     0 | D:1      | 0 ||| qw: Goals: Normal
     0 | D:1      | 0 ||| PLANNING D:1-11
    51 | D:1      | 51 ||| FLEEEEING.
    52 | D:1      | 52 ||| FLEEEEING.
   320 | D:1      | Reached XP level 2. HP: 16/16 MP: 3/3
   375 | D:1      | Reached skill level 3 in Ranged Weapons
   553 | D:1      | 553 ||| READING scroll labelled SUKOONKURPH.
   554 | D:1      | 554 ||| READING scroll labelled PAOVAI CAMAXATH.
   555 | D:1      | 555 ||| DROPPING scroll of poison.
   577 | D:2      | Reached XP level 3. HP: 21/21 MP: 4/4
  1285 | D:2      | 1285 ||| UPGRADING to +0 ring mail.
  1295 | D:2      | 1295 ||| DROPPING +0 robe.
  1296 | D:2      | 1296 ||| READING scroll labelled ZASTRE OGYN.
  1297 | D:2      | 1297 ||| READING scroll labelled XAIFOTWEYSEJ.
  1298 | D:2      | 1298 ||| READING scroll labelled SOSIUCZ BIFF.
  1299 | D:2      | 1299 ||| READING 3 scrolls labelled QIUJAY YDEKKET.
  1300 | D:2      | 1300 ||| DROPPING 2 scrolls of fear.
  1485 | D:3      | Found Paac's Weapon Shop.
  1490 | D:3      | 1490 ||| BUYING +1 sling of flaming (97 gold).
  1490 | D:3      | Bought a +1 sling of flaming for 97 gold pieces
  1490 | D:3      | 1490 ||| SWAPPING to +1 sling of flaming.
  1491 | D:3      | 1491 ||| DROPPING +2 sling.
  1598 | D:3      | Reached XP level 4. HP: 26/26 MP: 5/5
  1726 | D:3      | Reached skill level 4 in Ranged Weapons
  1854 | D:3      | Reached skill level 1 in Armour
  2031 | D:3      | Identified the +0 leather armour of the Shore {Rampage
                  | +Blink rF-}
  2225 | D:3      | Found a hazy altar of Hepliaklqana.
  2231 | D:3      | 2231 ||| DROPPING +0 leather armour of the Shore {Rampage
                  | +Blink rF-}.
  2232 | D:3      | 2232 ||| DRINKING 2 glowing dark potions.
  2232 | D:3      | Gained mutation: You sometimes lose your temper in combat.
                  | [potion of mutation]
  2232 | D:3      | Gained mutation: Your magical capacity is low. (-10% MP)
                  | [potion of mutation]
  2233 | D:3      | 2233 ||| DRINKING potion of mutation.
  2233 | D:3      | Lost mutation: Your magical capacity is low. (-10% MP)
                  | [potion of mutation]
  2233 | D:3      | Lost mutation: You sometimes lose your temper in combat.
                  | [potion of mutation]
  2233 | D:3      | Gained mutation: You possess an exceptional clarity of
                  | mind. [potion of mutation]
  2233 | D:3      | Gained mutation: You expend magic power (3 MP) to
                  | strengthen your wands. [potion of mutation]
  2233 | D:3      | Gained mutation: Your flesh is heat resistant. (rF+)
                  | [potion of mutation]
  2245 | D:3      | 2245 ||| DRINKING 2 glowing ruby potions.
  2246 | D:3      | 2246 ||| DRINKING 2 silvery potions.
  2247 | D:3      | 2247 ||| DROPPING potion of attraction.
  2397 | D:4      | Found a staircase to the Ecumenical Temple.
  2398 | D:4      | 2398 ||| PLANNING TEMPLE
  2398 | D:4      | 2398 ||| UPGRADING to +1 leather armour of poison
                  | resistance.
  2408 | D:4      | 2408 ||| DROPPING +0 ring mail.
  2409 | D:4      | 2409 ||| READING 3 scrolls of identify.
  2409 | D:4      | 2409 ||| IDENTIFYING bubbling brown potion
  2410 | D:4      | 2410 ||| READING 2 scrolls of identify.
  2410 | D:4      | 2410 ||| IDENTIFYING viscous emerald potion
  2416 | Temple   | Entered the Ecumenical Temple
  2428 | Temple   | 2428 ||| PLANNING OKAWARU WORSHIP
  2507 | Temple   | Became a worshipper of Warmaster Okawaru
  2508 | Temple   | 2508 ||| PLANNING D:1-11
  2552 | D:4      | Found Voro's Armour Shop.
  2559 | D:4      | 2559 ||| BUYING +0 pair of boots (63 gold).
  2559 | D:4      | Bought a +0 pair of boots for 63 gold pieces
  2799 | D:4      | Reached XP level 5. HP: 23/30 MP: 6/6
  2900 | D:4      | Reached skill level 5 in Ranged Weapons
  3157 | D:4      | 3157 ||| UPGRADING to +0 pair of boots.
  3162 | D:4      | 3162 ||| UPGRADING to amulet of the acrobat.
  3167 | D:4      | 3167 ||| READING 3 scrolls labelled URIGHI PIATA.
  3168 | D:4      | 3168 ||| READING 2 scrolls of identify.
  3168 | D:4      | 3168 ||| IDENTIFYING murky silvery potion
  3169 | D:4      | 3169 ||| DROPPING 2 scrolls of blinking.
  3170 | D:4      | 3170 ||| DROPPING potion of degeneration.
  3175 | D:5      | Entered Level 5 of the Dungeon
  3181 | D:5      | Noticed Prince Ribbit
  3188 | D:5      | Reached XP level 6. HP: 36/36 MP: 7/7
  3192 | D:5      | 3192 ||| FLEEEEING.
  3196 | D:5      | 3196 ||| FLEEEEING.
  3197 | D:5      | 3197 ||| FLEEEEING.
  3198 | D:5      | 3198 ||| STAIRDANCE
  3198 | D:5      | HP: 7/36 [Prince Ribbit (9)]
  3312 | D:5      | 3312 ||| STAIRDANCE
  3326 | D:4      | Killed Prince Ribbit
  3326 | D:4      | Reached * piety under Okawaru
  3442 | D:5      | 3442 ||| INVOKING Heroism.
  3443 | D:5      | Noticed Pikel
  3447 | D:5      | HP: 8/40 [scorpion (5)]
  3447 | D:5      | HP: 2/40 [lemure[Pikel] (6)]
  3450 | D:5      | Slain by a scorpion

Levels and vault maps discovered:
D:1:      zaba_arrival_water, layout_rooms, chequers_mini_garden, fountainhead
D:2:      layout_basic
D:3:      layout_basic, nicolae_hepliaklqana_monster_ancestors,
          serial_corexii_hall, corexii_hall_statues_t,
          chequers_hall_statues_corner_a, corexii_hall_statues_i,
          corexii_hall_statues_u, corexii_hall_statues_deadend,
          corexii_hall_statues_s, serial_shops, shop
D:4:      layout_loops_ring, minmay_temple_entry_metal_lava, serial_shops,
          nicolae_shop_crystal
D:5:      due_chaos_kobolds, layout_rooms, uniq_pikel, uniq_prince_ribbit1
Temple:   compressed_dpeg_circular_temple

Skill      XL: |  1  2  3  4  5  6 |
---------------+-------------------+-----
Ranged Weapons | 3 4 5 |  5.4
Fighting       | 2 4 |  4.8
Armour         | 1 |  1.0
Dodging        | |  1.5
Spellcasting   | |  1.0
Hexes          | |  2.6

Action                     |  1- 3 |  4- 6 || total
---------------------------+-------+-------++-------
   Fire: Sling             |   135 |   169 ||   304
 Invoke: Heroism           |       |     1 ||     1
    Use: Scroll            |     6 |     4 ||    10
         Potion            |       |     4 ||     4
 Armour: Robe              |    10 |       ||    10
         Ring mail         |     8 |    16 ||    24
         Leather armour    |       |    21 ||    21
  Dodge: Dodged            |    32 |    46 ||    78

Table legend:
 A = Non-vault XP
 B = Vault XP
 C = Vault XP percentage of total XP
 D = Non-vault monster count
 E = Vault monster count
 F = Vault count percentage of total count
                 A         B        C        D         E       F
            +---------+---------+-------+---------+---------+-------
      Total |     333 |     258 |  43.7 |      87 |       3 |   3.3
            +---------+---------+-------+---------+---------+-------
        D:1 |      30 |       0 |   0.0 |      20 |       0 |   0.0
        D:2 |      23 |       0 |   0.0 |      16 |       0 |   0.0
        D:3 |      67 |       3 |   4.3 |      25 |       2 |   7.4
        D:4 |     173 |     255 |  59.6 |      24 |       1 |   4.0
        D:5 |      40 |       0 |   0.0 |       2 |       0 |   0.0
            +---------+---------+-------+---------+---------+-------
